 Dungeon Crawl Stone Soup version 0.17.1-3-g152610e (webtiles) character file.

59231 Yevrel the Tortoise (level 14, -4/127 HPs)
             Began as a Minotaur Berserker on Apr 6, 2016.
             Was the Champion of Trog.
             Killed by angry trees
             ... awakened by a spriggan druid
              (8 damage)
             ... on level 2 of the Depths on Apr 8, 2016.
             The game lasted 01:03:56 (16340 turns).

Yevrel the Tortoise (Minotaur Berserker)           Turns: 16340, Time: 01:03:56

Health: -4/127     AC: 29    Str: 33      XL:     14   Next: 52%
Magic:  13/13      EV: 10    Int:  6 (8)  God:    Trog [******]
Gold:   747        SH: 17    Dex:  9      Spells: 0 memorised, 13 levels left

rFire  . . .     SeeInvis .     S - +1 eveningstar (venom)
rCold  . . .     Clarity  .     A - +4 plate armour
rNeg   . . .     SustAt   .     M - +3 shield of Dayliwys {rCorr Int+4}
rPois  .         Gourm    .     z - +2 hat
rElec  .         Spirit   .     l - +0 cloak
rCorr  +         Warding  .     L - +1 pair of gloves
rMut   .         Stasis   .     Q - +0 pair of boots
MR     ++...                    u - amulet of regeneration
Stlth  ..........               H - ring of protection from magic
                                W - +5 ring of strength

@: very resistant to hostile enchantments, extremely unstealthy
A: retaliatory headbutt, horns 2
a: Berserk, Trog's Hand, Brothers in Arms, Burn Spellbooks, Renounce Religion


You were on level 2 of the Depths.
You worshipped Trog.
Trog was exalted by your worship.
You were not hungry.

You visited 2 branches of the dungeon, and saw 17 of its levels.

You collected 1243 gold pieces.
You spent 496 gold pieces at shops.

Inventory:

Hand Weapons
 B - a +6 mace of holy wrath
 F - a +3 longbow of flaming
 G - the cursed +0 whip of the Reaper {flame, *Confuse +Rage rElec rPois}
   (You found it on level 5 of the Dungeon)

   It has been specially enchanted to burn those struck by it, causing extra
   injury to most foes and up to half again as much damage against particularly
   susceptible opponents.
   It insulates you from electricity.
   It protects you from poison.
   It lets you go berserk.
   It may confuse you when you take damage.
   It has a curse placed upon it.
 S - a +1 eveningstar of venom (weapon)
 U - a +3 morningstar of protection
Missiles
 t - 29 tomahawks (quivered)
 C - 3 tomahawks of returning
 K - 316 arrows
 P - 2 throwing nets
Armour
 l - a +0 cloak (worn)
 z - a +2 hat (worn)
 A - a +4 plate armour (worn)
 L - a +1 pair of gloves (worn)
 M - the +3 shield of Dayliwys (worn) {rCorr Int+4}
   (You bought it in a shop on level 6 of the Dungeon)

   It affects your intelligence (+4).
   It protects you from acid and corrosion.
 Q - a +0 pair of boots (worn)
Jewellery
 s - an uncursed ring of ice
 u - an amulet of regeneration (around neck)
 E - a +3 ring of evasion
 H - a ring of protection from magic (right hand)
 J - a cursed amulet of inaccuracy {unknown}
 R - a +6 ring of protection
 V - an uncursed ring of protection from fire
 W - a +5 ring of strength (left hand)
Wands
 k - a wand of slowing (21)
 n - a wand of polymorph (15)
 q - a wand of enslavement (10)
 N - a wand of disintegration (7)
 T - a wand of fireball (4)
 X - a wand of fireball (9)
 Z - a wand of disintegration (8)
Scrolls
 b - 4 scrolls of teleportation
 i - 4 scrolls of immolation
 y - 5 scrolls of remove curse
 I - 6 scrolls of blinking
 Y - 2 scrolls of recharging
Potions
 c - 3 potions of lignification
 d - 4 potions of cure mutation
 e - 4 potions of mutation
 f - 6 potions of curing
 g - 2 potions of haste
 h - 3 potions of degeneration
 j - a potion of brilliance
 m - 4 potions of agility
 o - a potion of invisibility {unknown}
 p - a potion of heal wounds
 r - a potion of resistance
 D - 2 potions of berserk rage
Miscellaneous
 w - a lamp of fire
Comestibles
 a - 4 slices of pizza
 v - 8 beef jerkies
 x - a meat ration
 O - 5 bread rations


   Skills:
 + Level 12.9 Fighting
 + Level 15.1 Maces & Flails
 * Level 16.5 Armour
 + Level 5.7 Dodging
 + Level 1.3 Stealth
 + Level 14.4 Shields


You had 13 spell levels left.
You didn't know any spells.

Dungeon Overview and Level Annotations

Branches:
Dungeon (15/15)            Temple (0/1) D:4            Lair (0/8) D:8
    Orc (0/4) D:9          Vaults (0/5) D:14         Depths (2/5) D:15

Altars:
Ashenzari
Dithmenos
Elyvilon
Fedhas
Gozag
Nemelex Xobeh
Okawaru
Qazlal
Sif Muna
Trog
Vehumet
Xom
Zin
The Shining One

Shops:
D:6 [   D:9 =   D:13 *


Innate Abilities, Weirdness & Mutations

You reflexively headbutt those who attack you in melee.
You have a pair of horns on your head.


Message History

The yak gores you but does no damage.
A yak comes into view.
You hit the yak but do no damage.
The yak is poisoned.
Your headbutt misses the yak.
The yak is lightly wounded.
Trunks creak and shift.
You are hit by a branch!
* * * LOW HITPOINT WARNING * * *
You block the spriggan druid's attack. The yak gores you.
* * * LOW HITPOINT WARNING * * *
Unknown command.
You bludgeon the spriggan druid!!
The spriggan druid is poisoned.
The spriggan druid is heavily wounded.
The spriggan druid hits you with a quarterstaff.
* * * LOW HITPOINT WARNING * * *
You block the yak's attack.
You puncture the spriggan druid! You headbutt the spriggan druid.
The spriggan druid is severely wounded.
A tree reaches out and hits you!
You die...

♣.♣♣ ♣...
♣..♣♣♣...
♣♣.♣..♣
♣..♣♣ ♣♣..♣
♣♣.♣ ♣♣♣.♣
♣♣♣♣YY.♣
♣)i@♣♣♣♣
P......♣♣♣♣
.....♣♣
.... ... >.
.


You could see a spriggan druid and 2 yaks.

Vanquished Creatures
  Kirke (D:15)
  Roxanne (D:14)
  Maud (D:14)
  Louise (D:15)
  An emperor scorpion (Depths:2)
  Azrael (D:14)
  A dire elephant (shapeshifter) (D:15)
  The ghost of kaze the Blocker, a journeyman HOFi of the Shining One (D:14)
  An ettin (Depths:1)
  A fire dragon (Depths:1)
  An ice dragon (Depths:1)
  2 hydras
  An entropy weaver (shapeshifter) (D:15)
  5 rakshasas
  Erolcha (D:10)
  4 centaur warriors
  A tengu warrior (D:15)
  An ogre mage (Depths:1)
  Sonja (D:11)
  A fire crab (shapeshifter) (D:14)
  6 unseen horrors
  A giant orange brain (D:15)
  A wolf spider zombie (D:14)
  7 hill giants
  A manticore (D:15)
  5 cyclopes
  A wolf spider (shapeshifter) (D:14)
  3 orc knights (D:15)
  3 ugly things
  A wizard (D:15)
  Maurice (D:8)
  Joseph (D:7)
  4 centaur skeletons
  2 centaur zombies
  A gargoyle (D:12)
  A yaktaur (D:15)
  8 trolls
  A queen bee (shapeshifter) (D:15)
  A tengu conjurer (D:14)
  A jumping spider (shapeshifter) (D:15)
  2 fire drakes (shapeshifter)
  3 two-headed ogres (Depths:1)
  The ghost of kaze the Slasher, an amateur DsGl (D:4)
  13 slime creatures
  3 wraiths
  A water elemental (D:14)
  2 hogs (D:15)
  2 humans (D:7)
  4 deep elf magi
  4 spriggans (Depths:2)
  A basilisk (D:14)
  2 shadows (D:14)
  Eustachio (D:4)
  4 fire elementals (D:14)
  A steam dragon (D:11)
  A wyvern (D:9)
  16 yaks
  5 hippogriffs
  Menkaure (D:4)
  2 water moccasins (D:12)
  An ice beast (D:14)
  2 soldier ants
  5 sky beasts
  4 hell hounds (D:14)
  A wasp (D:12)
  11 orc warriors
  4 phantoms
  9 ogres
  12 centaurs
  2 big kobolds
  A brain worm (D:15)
  An earth elemental (D:14)
  5 giant frogs
  A wyvern zombie (D:11)
  4 killer bees
  3 scorpions
  20 wights
  6 crimson imps
  12 orc wizards
  2 giant frog zombies
  5 jellies
  4 iguanas
  4 giant frog skeletons
  4 hounds
  A quasit (D:10)
  Terence (D:2)
  8 orc priests
  9 worker ants
  4 sheep (D:13)
  3 hound skeletons
  2 worker ant zombies (D:9)
  A hound zombie (D:7)
  4 gnolls (D:7)
  17 adders
  6 shadow imps
  5 oozes
  3 adder skeletons
  An adder zombie (D:9)
  7 giant geckos
  65 orcs
  A ball python (D:3)
  4 bats
  3 giant cockroaches
  7 hobgoblins
  3 jackals (D:8)
  11 kobolds
  3 quokkas
  A giant gecko zombie (D:4)
  2 giant newts
  5 goblins
  A quokka zombie (D:5)
  10 rats
458 creatures vanquished.

Vanquished Creatures (collateral kills)
  A rakshasa (D:15)
  A hill giant (D:15)
2 creatures vanquished.

Vanquished Creatures (others)
  A wizard (D:4)
  An air elemental (D:14)
  2 humans (D:15)
  A sky beast (D:15)
5 creatures vanquished.

Grand Total: 465 creatures vanquished

Notes
Turn   | Place    | Note
--------------------------------------------------------------
     0 | D:1      | Yevrel the Minotaur Berserker began the quest for the Orb.
     0 | D:1      | Reached XP level 1. HP: 19/19 MP: 0/0
   123 | D:1      | Reached XP level 2. HP: 5/27 MP: 1/1
   387 | D:1      | Reached skill level 4 in Fighting
   803 | D:1      | You fall through a shaft!
   972 | D:2      | Reached XP level 3. HP: 31/34 MP: 2/2
   984 | D:2      | Noticed Terence
  1044 | D:2      | Killed Terence
  1282 | D:2      | Reached ** piety under Trog
  1439 | D:2      | Reached XP level 4. HP: 32/41 MP: 3/3
  2237 | D:3      | Found a faded altar to an unknown god.
  2451 | D:3      | Reached XP level 5. HP: 47/47 MP: 4/4
  2694 | D:4      | Reached skill level 5 in Fighting
  2759 | D:4      | Found a bloodstained altar of Trog.
  2760 | D:4      | Noticed a wizard
  2766 | D:4      | Killed a wizard
  2822 | D:4      | Reached *** piety under Trog
  2859 | D:4      | Noticed kaze's ghost (amateur DsGl)
  2883 | D:4      | Killed kaze's ghost
  2883 | D:4      | Reached skill level 5 in Maces & Flails
  2883 | D:4      | Reached skill level 5 in Armour
  2883 | D:4      | Reached XP level 6. HP: 56/56 MP: 5/5
  3014 | D:4      | Reached skill level 1 in Stealth
  3048 | D:4      | Found a staircase to the Ecumenical Temple.
  3059 | D:4      | Noticed Menkaure
  3068 | D:4      | Killed Menkaure
  3068 | D:4      | Reached skill level 6 in Armour
  3068 | D:4      | Reached XP level 7. HP: 43/61 MP: 6/6
  3095 | D:4      | Noticed Eustachio
  3136 | D:4      | Killed Eustachio
  3136 | D:4      | Reached skill level 7 in Armour
  3190 | D:4      | Found a glowing golden altar of the Shining One.
  3190 | D:4      | Found a shadowy altar of Dithmenos.
  3191 | D:4      | Found a stormy altar of Qazlal.
  3364 | D:5      | Entered Level 5 of the Dungeon
  3676 | D:5      | Found a sparkling altar of Nemelex Xobeh.
  3679 | D:5      | Found a deep blue altar of Sif Muna.
  3782 | D:5      | Got a transparent whip
  3820 | D:5      | Reached skill level 8 in Armour
  3820 | D:5      | Reached XP level 8. HP: 63/70 MP: 7/7
  4408 | D:6      | Reached skill level 9 in Armour
  4506 | D:6      | Found Qiezirub's Antique Armour Shoppe.
  4511 | D:6      | Bought a fine shield for 256 gold pieces
  4518 | D:6      | Identified the +3 shield of Dayliwys {rCorr Int+4} (You bought it in a shop on level 6 of the Dungeon)
  4685 | D:6      | Reached skill level 1 in Shields
  4840 | D:6      | Found a glowing silver altar of Zin.
  4840 | D:6      | Found a blossoming altar of Fedhas.
  4937 | D:7      | Reached **** piety under Trog
  4985 | D:7      | Found a white marble altar of Elyvilon.
  5075 | D:7      | Noticed Joseph
  5099 | D:7      | Killed Joseph
  5099 | D:7      | Reached skill level 10 in Armour
  5182 | D:7      | Found a bloodstained altar of Trog.
  5190 | D:7      | Reached XP level 9. HP: 71/78 MP: 8/8
  5267 | D:7      | Found an iron altar of Okawaru.
  5318 | D:7      | Found a shimmering altar of Xom.
  5932 | D:8      | Found a radiant altar of Vehumet.
  5938 | D:8      | Noticed Maurice
  5950 | D:8      | Killed Maurice
  6020 | D:8      | Found a shattered altar of Ashenzari.
  6147 | D:8      | Reached skill level 5 in Shields
  6278 | D:8      | Reached skill level 11 in Armour
  6284 | D:8      | Found a staircase to the Lair.
  6788 | D:9      | Reached ***** piety under Trog
  6982 | D:9      | Noticed a centaur warrior
  7006 | D:9      | Killed a centaur warrior
  7006 | D:9      | Reached XP level 10. HP: 22/88 MP: 9/9
  7315 | D:9      | Found a staircase to the Orcish Mines.
  7465 | D:9      | Found Foigin's Jewellery Shop.
  7737 | D:10     | Entered Level 10 of the Dungeon
  7855 | D:10     | Reached skill level 10 in Maces & Flails
  7855 | D:10     | Reached skill level 12 in Armour
  8232 | D:10     | Noticed Erolcha
  8248 | D:10     | Killed Erolcha
  8248 | D:10     | Reached XP level 11. HP: 81/95 MP: 10/10
  8873 | D:11     | Noticed a four-headed hydra
  8884 | D:11     | Killed a four-headed hydra
  8952 | D:11     | Noticed Sonja
  8952 | D:11     | Noticed a hill giant
  8961 | D:11     | Killed a hill giant
  8985 | D:11     | Killed Sonja
  9562 | D:11     | You fall through a shaft!
  9737 | D:11     | Killed an unseen horror
  9737 | D:11     | Reached skill level 13 in Armour
  9737 | D:11     | Reached skill level 10 in Shields
 10013 | D:12     | Received a gift from Trog
 10209 | D:12     | Noticed a hill giant
 10220 | D:12     | Killed a hill giant
 10224 | D:12     | Reached skill level 10 in Fighting
 10392 | D:12     | Reached XP level 12. HP: 106/106 MP: 11/11
 10504 | D:12     | Reached ****** piety under Trog
 10671 | D:12     | Identified the cursed +0 whip of the Reaper {flame, *Confuse +Rage rElec rPois} (You found it on level 5 of the Dungeon)
 11026 | D:12     | Killed an unseen horror
 11228 | D:13     | Found an opulent altar of Gozag.
 11362 | D:13     | Found Xorol's Assorted Antiques.
 11378 | D:13     | Bought a scroll of enchant armour for 240 gold pieces
 12134 | D:14     | Noticed Azrael
 12141 | D:14     | Reached skill level 14 in Armour
 12152 | D:14     | Noticed kaze's ghost (journeyman HOFi)
 12158 | D:14     | Killed Azrael
 12176 | D:14     | Killed kaze's ghost
 12398 | D:14     | Found a large runed door.
 12400 | D:14     | Found a large runed door.
 12482 | D:14     | Noticed Roxanne
 12551 | D:14     | Noticed a centaur warrior
 12569 | D:14     | Killed a centaur warrior
 12752 | D:14     | Found a gate to the Vaults.
 12765 | D:14     | Noticed an anaconda
 12765 | D:14     | a giant leech changed into an anaconda
 12766 | D:14     | an anaconda changed into a wolf spider
 12770 | D:14     | Reached XP level 13. HP: 116/116 MP: 12/12
 12877 | D:14     | Reached skill level 5 in Dodging
 13063 | D:14     | Noticed Maud
 13087 | D:14     | Killed Maud
 13219 | D:14     | Killed Roxanne
 13219 | D:14     | Reached skill level 15 in Armour
 13278 | D:14     | Received a gift from Trog
 13427 | D:15     | Entered Level 15 of the Dungeon
 13450 | D:15     | Found a blossoming altar of Fedhas.
 13479 | D:15     | Noticed Kirke
 13495 | D:15     | Killed Kirke
 14336 | D:15     | Noticed Louise
 14395 | D:15     | Lost intelligence.
 14426 | D:15     | Killed Louise
 14893 | D:15     | Reached XP level 14. HP: 108/127 MP: 13/13
 14896 | D:15     | Lost intelligence.
 14945 | D:15     | Reached skill level 16 in Armour
 15231 | D:15     | Found a staircase to the Depths.
 15245 | D:15     | Received a gift from Trog
 16023 | Depths:1 | Entered Level 1 of the Depths
 16118 | Depths:1 | Reached skill level 15 in Maces & Flails
 16300 | Depths:2 | Noticed an emperor scorpion
 16311 | Depths:2 | Killed an emperor scorpion
 16339 | Depths:2 | HP: 3/127 [spriggan druid/quarterstaff (6)]
 16340 | Depths:2 | Killed from afar by a spriggan druid

Action                   |  1- 3 |  4- 6 |  7- 9 | 10-12 | 13-15 || total
-------------------------+-------+-------+-------+-------+-------++-------
Melee: Mace              |    37 |       |       |       |       ||    37
       Flail             |    29 |   117 |    41 |       |       ||   187
       Morningstar       |       |       |   299 |   751 |    43 ||  1093
       Eveningstar       |       |       |       |       |   416 ||   416
Invok: Burn Spellbooks   |       |     2 |       |     1 |     2 ||     5
       Berserk           |       |     1 |     3 |     3 |     5 ||    12
       Trog's Hand       |       |       |     1 |     1 |       ||     2
       Brothers in Arms  |       |       |       |       |     1 ||     1
Evoke: Wand              |       |       |       |       |     1 ||     1
  Use: Scroll            |       |     9 |     1 |    19 |     6 ||    35
       Potion            |       |       |       |     5 |     9 ||    14
 Stab: Distracted        |       |       |     1 |       |       ||     1
  Eat: Bread ration      |       |     2 |     1 |       |       ||     3
       Meat ration       |       |       |     3 |     3 |     2 ||     8
       Chunk             |       |       |       |    10 |     3 ||    13
       Pizza             |       |       |       |     4 |     1 ||     5
       Fruit             |       |       |       |       |     3 ||     3
       Royal jelly       |       |       |       |       |     1 ||     1
